 Dungeon Crawl Stone Soup version 0.30-a0-272-gf98c3da03f (webtiles) character file.

Game seed: 8446960415919232076

65 rogsnak the Gusty (level 4, 0/24 HPs)
             Began as a Tengu Air Elementalist on Oct 16, 2022.
             Slain by Grinder (4 damage)
             ... on level 3 of the Dungeon.
             The game lasted 00:06:24 (2329 turns).

rogsnak the Gusty (Tengu Air Elementalist)          Turns: 2329, Time: 00:06:25

Health: 0/24       AC:  2    Str:  8    XL:     4   Next: 14%
Magic:  1/8        EV: 12    Int: 17    God:
Gold:   128        SH:  0    Dex: 15    Spells: 7/8 levels left

rFire   . . .      SeeInvis .    n - +0 morningstar
rCold   . . .      Faith    .    (no shield)
rNeg    . . .      Spirit   .    a - +0 robe
rPois   .          Reflect  .    (helmet restricted)
rElec   .          Harm     .    (no cloak)
rCorr   .          Rampage  .    (no gloves)
Will    .....                    (boots unavailable)
Stlth   ++........               (no amulet)
HPRegen 0.24/turn                (no ring)
MPRegen 0.11/turn                (no ring)

@: no status effects
A: beak, talons 3
a: no special abilities


You were on level 3 of the Dungeon.
You visited 1 branch of the dungeon, and saw 3 of its levels.

You collected 128 gold pieces.

Inventory:

Hand Weapons
 c - a +0 dagger
 n - a +0 morningstar (weapon)
 q - a +0 triple sword of holy wrath
Missiles
 i - 6 poisoned darts
 j - 2 boomerangs
Armour
 a - a +0 robe (worn)
 l - the +4 scale mail of Demons {rC+ rN+ SInv}
   (You found it on level 2 of the Dungeon)

   rC:        It protects you from cold.
   rN:        It protects you from negative energy.
   SInv:      It lets you see invisible.
Magical Staves
 p - a staff of death
Wands
 o - a wand of paralysis (9)
Scrolls
 d - 3 scrolls of poison {unknown}
 e - a scroll of noise {unknown}
 h - a scroll of amnesia {unknown}
Potions
 b - a potion of magic
 f - a potion of flight {unknown}
 g - a potion of berserk rage {unknown}
 k - a potion of might {unknown}
 m - a potion of mutation {unknown}


   Skills:
 + Level 2.2 Dodging
 - Level 2.0 Stealth
 + Level 2.5 Spellcasting
 * Level 3.3 Conjurations
 + Level 5.0 Air Magic


You had 7 spell levels left.
You knew the following spells:

 Your Spells              Type           Power      Damage    Failure   Level
a - Shock                 Conj/Air       64%        1d7       3%          1

Your spell library contained the following spells:

 Spells                   Type           Power      Damage    Failure   Level
 Static Discharge         Conj/Air       32%        2-4/arc   4%          2
 Swiftness                Air            19%        N/A       7%          3
 Airstrike                Air            9%         2d(2-18)  22%         4


Dungeon Overview and Level Annotations

Branches:
Dungeon (3/15)

Altars:
Trog
Vehumet

Annotations:
D:3 Grinder, Sigmund


Innate Abilities, Weirdness & Mutations

You have a beak for a mouth.
You have claws for feet.


Message History

Aiming: Shock (safe; 3% risk of failure)
Press: ? - help, Shift-Dir - straight line
Okay, then.
Casting: Shock (safe; 3% risk of failure)
Confirm with . or Enter, or press ? or * to list all spells.
Aiming: Shock (safe; 3% risk of failure)
Press: ? - help, Shift-Dir - straight line The zap hits Grinder.
Grinder is lightly wounded.
Grinder says, "I used to sell toenails on the black market."
Unknown command.
Unknown command.
Casting: Shock (safe; 3% risk of failure)
Confirm with . or Enter, or press ? or * to list all spells.
Aiming: Shock (safe; 3% risk of failure)
Press: ? - help, Shift-Dir - straight line The zap hits Grinder.
Grinder is lightly wounded.
Unknown command.
Casting: Shock (safe; 3% risk of failure)
Confirm with . or Enter, or press ? or * to list all spells.
Aiming: Shock (safe; 3% risk of failure)
Press: ? - help, Shift-Dir - straight line The zap misses Grinder.
The zap hits Grinder but does no damage.
Grinder is lightly wounded.
Grinder hits you.
You writhe in agony.
Unknown command.
Casting: Shock (safe; 3% risk of failure)
Confirm with . or Enter, or press ? or * to list all spells.
Aiming: Shock (safe; 3% risk of failure)
Press: ? - help, Shift-Dir - straight line The zap hits Grinder but does no damage.
Grinder is lightly wounded.
The zap hits Grinder.
Grinder is moderately wounded.
Grinder hits you.
* * * LOW HITPOINT WARNING * * *
You writhe in agony.
You die...

###.#.# #. ).....# #5
###.### .## ##'## ..#
##...## #.# #.....## ###
#.# .......## ##.###.#
........####...##5#######
........'.......@......>.
........####...##.#######
.......## ##.###.#
#.....## ### ..# ##...##
.## ##'## #. #.# #.
###.### #. ......#####


You could see Grinder.

Vanquished Creatures
  An adder (D:2)
  A worm (D:2)
  A dart slug (D:2)
  2 orcs (D:3)
  3 bats
  5 endoplasms
  4 giant cockroaches (D:1)
  2 goblins (D:1)
  2 hobgoblins
  6 jackals
  4 kobolds
  3 quokkas
  3 ball pythons
  A frilled lizard (D:1)
  5 rats
43 creatures vanquished.

Vanquished Creatures (others)
  2 demonic plants (D:1)
2 creatures vanquished.

Grand Total: 45 creatures vanquished

Notes
Turn   | Place    | Note
-------+----------+-------------------------------------------
     0 | D:1      | rogsnak the Tengu Air Elementalist began the quest for the
                  | Orb.
     0 | D:1      | Reached XP level 1. HP: 10/10 MP: 4/4
   143 | D:1      | Reached XP level 2. HP: 15/15 MP: 1/6
   620 | D:1      | Reached XP level 3. HP: 19/19 MP: 4/7
   717 | D:1      | Found a faded altar of an unknown god.
   717 | D:1      | Noticed a Brimstone Fiend
  1081 | D:2      | Found a radiant altar of Vehumet.
  1213 | D:2      | Reached skill level 5 in Air Magic
  1358 | D:2      | Identified the +4 scale mail of Demons {rC+ rN+ SInv}
  1877 | D:3      | Reached XP level 4. HP: 24/24 MP: 5/8
  2059 | D:3      | Found a bloodstained altar of Trog.
  2102 | D:3      | Noticed Sigmund
  2319 | D:3      | Noticed Grinder
  2329 | D:3      | Slain by Grinder

Illustrated notes

Levels and vault maps discovered:
D:1:      minmay_arrival_diagonal_passages, layout_rooms,
          dreamdust_ecumenical_altar_sealed_demon
D:2:      layout_loops_ring, basic_altar
D:3:      layout_loops_corners, lemuel_coloured_pillars_altar,
          lemuel_crystal_altar, uniq_grinder, uniq_sigmund

Skill      XL: |  1  2  3 |
---------------+----------+-----
Conjurations   | 2 3 |  3.3
Air Magic      | 5 |  5.0
Dodging        | |  2.2
Stealth        | |  2.0
Spellcasting   | |  2.5

Action                   |  1- 3 |  4- 6 || total
-------------------------+-------+-------++-------
Melee: Dagger            |    20 |       ||    20
       Kick              |     3 |       ||     3
       Peck              |     2 |       ||     2
       Punch             |     1 |       ||     1
 Cast: Shock             |    79 |    17 ||    96
Armor: Robe              |     5 |       ||     5
Dodge: Dodged            |    21 |     2 ||    23

Table legend: (Time is in decaauts)
 A = Elapsed time spent in this place.
 B = Non-inter-level travel time spent in this place.
 C = Inter-level travel time spent in this place.
 D = Time resting spent in this place.
 E = Time spent auto-exploring this place.
 F = Levels seen in this place.
 G = Mean time per level.
                   A        B        C        D        E       F      G
               +--------+--------+--------+--------+--------+-----+--------+
         Total |   2327 |   2309 |     18 |    354 |   1483 |   3 |  775.7 |
       Dungeon |   2327 |   2309 |     18 |    354 |   1483 |   3 |  775.7 |
               +--------+--------+--------+--------+--------+-----+--------+

Top non-repeatable levels by time:
     D:2: 993 daAuts
     D:1: 872 daAuts
     D:3: 462 daAuts
